AoeStats
← JoeCuck

Golden Pit

503148331Analyzed
1v1 RM · 11d ago on Aug 30, 2026· 43m 14s· 2 players
Game mode
Random Map
Map size
Tiny (2 player)
Population
200
Speed
Normal
Resources
Standard
Victory
Conquest
Starting age
Dark Age
Ending age
Imperial Age
RankedLock teamsTeams togetherTeam positionsShared explorationLock speedFull tech treeHidden civsTurbo modeCheats
Victory
Defeat
🇫🇷 Byzantines · France
985
+17
🇳🇱 Sicilians · Netherlands
1006
-17
JoeCuck
10:52 Feudal Age
11:40 Loom
13:39 Forging
14:57 Double-Bit Axe
21:05 Castle Age
18:57 Horse Collar
19:53 Gold Mining
20:33 Stone Mining
22:32 Bow Saw
22:24 Heavy Plow
26:27 Wheelbarrow
28:58 Hand Cart
29:06 Scale Barding Armor
29:36 Man-at-Arms
31:30 Gold Shaft Mining
34:47 Imperial Age
33:44 Chain Barding Armor
33:59 Iron Casting
35:42 Logistica
35:54 Conscription
36:54 Chemistry
38:10 Plate Barding Armor
37:17 Elite Cataphract
42:40 Stone Shaft Mining
42:39 Crop Rotation
Leafticle
10:32 Feudal Age
10:03 Loom
11:06 Double-Bit Axe
11:03 Horse Collar
20:32 Wheelbarrow
23:49 Castle Age
21:56 Scale Mail Armor
22:12 Gold Mining
23:42 Stone Mining
24:52 Hand Cart
26:04 Chain Mail Armor
26:08 Pikeman
28:53 Squires
30:15 Bow Saw
31:26 Crossbowman
40:05 Imperial Age
40:00 Fletching
40:45 Bodkin Arrow
40:52 Padded Archer Armor
41:42 Ballistics
44:09 Imperial Age
Connection lost

Rejoining the realm…

Still unreachable

The connection could not be restored.

Session expired

The server has moved on; the page needs a fresh start.